AoeStats
← Alemdar

Arabia

510111017Analyzed
1v1 RM · 3d ago on Sep 29, 2026· 38m 7s· 2 players
Game mode
Random Map
Map size
Tiny (2 player)
Population
200
Speed
Normal
Resources
Standard
Victory
Conquest
Starting age
Dark Age
Ending age
Imperial Age
RankedLock teamsTeams togetherTeam positionsShared explorationLock speedFull tech treeHidden civsTurbo modeCheats
Victory
Defeat
🇩🇪 Khmer · Germany
1460
+16
🇹🇷 Magyars · Türkiye
1462
-16
Notorious
6:44 Loom
9:19 Feudal Age
9:53 Double-Bit Axe
13:25 Forging
19:20 Castle Age
17:22 Horse Collar
18:30 Scale Barding Armor
20:09 Bloodlines
20:29 Bow Saw
22:39 Husbandry
25:11 Iron Casting
25:17 Light Cavalry
30:07 Wheelbarrow
31:50 Hand Cart
32:57 Chain Barding Armor
36:57 Imperial Age
35:31 Ballistics
38:14 Plate Barding Armor
38:05 Heavy Plow
Alemdar
8:03 Loom
10:33 Feudal Age
14:36 Castle Age
14:18 Scale Barding Armor
23:53 Bloodlines
25:06 Chain Barding Armor
24:58 Husbandry
29:05 Double-Bit Axe
31:30 Fletching
33:30 Bodkin Arrow
36:20 Murder Holes
38:36 Ballistics
Connection lost

Rejoining the realm…

Still unreachable

The connection could not be restored.

Session expired

The server has moved on; the page needs a fresh start.